 Dungeon Crawl Stone Soup version 0.28-a0-1447-ga5a8893891 (webtiles) character file.

Game seed: 3095542198714937278

196 derath95 the Digger (level 5, -10/38 HPs)
             Began as a Draconian Earth Elementalist on Jan 10, 2022.
             Was an Initiate of Vehumet.
             Killed from afar by Ijyb (18 damage)
             ... with a bolt of acid
             ... on level 5 of the Dungeon.
             The game lasted 00:14:42 (3713 turns).

derath95 the Digger (Draconian Earth Elementalist)  Turns: 3713, Time: 00:14:43

Health: -10/38     AC:  5    Str: 10    XL:     5   Next: 46%
Magic:  8/10       EV: 16    Int: 17    God:    Vehumet [......]
Gold:   223        SH:  0    Dex: 12    Spells: 10/11 levels left

rFire   . . .      SeeInvis .   g - +1 dagger (drain)
rCold   + . .      Faith    .   n - orb {light}
rNeg    . . .      Spirit   .   (armour unavailable)
rPois   .          Reflect  .   (helmet restricted)
rElec   .          Harm     .   k - scarf {repulsion}
rCorr   .          Rampage  .   (no gloves)
Will    .....                   (no boots)
Stlth   +.........              (no amulet)
HPRegen 0.12/turn               e - ring of protection from cold
MPRegen 0.12/turn               j - +4 ring of evasion

@: glowing, repel missiles
A: AC +5, unfitting armour, cold-blooded
a: Renounce Religion


You were on level 5 of the Dungeon.
You worshipped Vehumet.
Vehumet was noncommittal.
You visited 2 branches of the dungeon, and saw 6 of its levels.

You collected 223 gold pieces.

Inventory:

Hand Weapons
 g - a +1 dagger of draining (weapon)
 m - a +0 flail
Missiles
 b - 91 stones
Armour
 k - a scarf of repulsion (worn)
 n - an orb of light (worn)
Magical Staves
 i - a staff of conjuration
Jewellery
 e - a ring of protection from cold (left hand)
 j - a +4 ring of evasion (right hand)
Wands
 f - a wand of flame (28)
Scrolls
 a - a scroll of silence
 d - 2 scrolls of identify
Potions
 c - a potion of haste
 h - a potion of heal wounds {unknown}


   Skills:
 - Level 1.8 Dodging
 - Level 1.8 Stealth
 + Level 3.9 Spellcasting
 - Level 1.1 Transmutations
 + Level 4.8 Earth Magic


You had 10 spell levels left.
You knew the following spells:

 Your Spells              Type           Power      Damage    Failure   Level
a - Sandblast             Erth           38%        2d10      2%          1

Your spell library contained the following spells:

 Spells                   Type           Power      Damage    Failure   Level
 Passwall                 Tmut/Erth      10%        N/A       7%          2
 Apportation              Tloc           6%         N/A       16%         1
 Summon Small Mammal      Summ           12%        N/A       16%         1
 Stone Arrow              Conj/Erth      22%        3d8       19%         3
 Ensorcelled Hibernation  Hex/Ice        6%         N/A       24%         2
 Call Canine Familiar     Summ           3%         N/A       43%         3
 Summon Guardian Golem    Hex/Summ       3%         N/A       43%         3
 Swiftness                Air            3%         N/A       43%         3
 Petrify                  Tmut/Erth      13%        N/A       43%         4
 Alistair's Intoxication  Tmut/Pois      3%         N/A       98%         5


Dungeon Overview and Level Annotations

Branches:
Dungeon (5/15)             Temple (1/1) D:4

Altars:
Ashenzari
Cheibriados
Dithmenos
Elyvilon
Fedhas
Hepliaklqana
Kikubaaqudgha
Makhleb
Nemelex Xobeh
Okawaru
Qazlal
Ru
Sif Muna
Trog
Uskayaw
Vehumet
Wu Jian
Xom
Yredelemnul
Zin
The Shining One

Annotations:
D:5 Ijyb


Innate Abilities, Weirdness & Mutations

Your plain brown scales are hard. (AC +5)
You cannot fit into any form of body armour.
You are cold-blooded and may be slowed by cold attacks.


Message History

An adder comes into view.
The adder hisses angrily.
You hit the adder.
The adder is lightly wounded.
The adder closely misses you.
You hit the adder. You drain the adder.
Your tail-slap misses the adder.
The adder is severely wounded.
The adder bites you but does no damage. x2
You barely miss the adder.
The adder is severely wounded.
The adder bites you but does no damage.
You closely miss the adder. You tail-slap the adder.
The adder is almost dead.
The adder barely misses you.
You hit the adder. You drain the adder.
You kill the adder!
Vehumet accepts your kill.
You hear the slow rusting of a drain nearby.
Found a stone staircase leading down.
Ijyb and a bullfrog skeleton come into view.
Ijyb is wielding a +0 dagger and carrying a wand of acid (6).
Ijyb shouts!
A water moccasin skeleton comes into view.
Ijyb zaps a wand.
The bolt of acid hits you!!
Ouch! That really hurt!
* * * LOW HITPOINT WARNING * * *
Casting: Sandblast (safe; 2% risk of failure)
Confirm with . or Enter, or press ? or * to list all spells.
Aiming: Sandblast (safe; 2% risk of failure)
Press: ? - help, Shift-Dir - straight line, f - Ijyb
Aim: Ijyb, wielding a +0 dagger, wearing a +0 leather armour and carrying a wand of acid (5) (haloed, 81% to hit)
The blast of sand misses Ijyb.
Casting: Sandblast (safe; 2% risk of failure)
Confirm with . or Enter, or press ? or * to list all spells.
Aiming: Sandblast (safe; 2% risk of failure)
Press: ? - help, Shift-Dir - straight line, f/p - Ijyb
Aim: Ijyb, wielding a +0 dagger, wearing a +0 leather armour and carrying a wand of acid (5) (haloed, 81% to hit)
The blast of sand hits Ijyb but does no damage.
You hit Ijyb but do no damage.
Ijyb zaps a wand.
The bolt of acid hits you!!
You die...

## .# # . ..#.#.# #.
##.#.#.# #.. #... #.#
###..##..# #.#
......>..###.#
#.....!...##.# #@..##.#
#..##g..##.###########
......Z................
.#.###Z#.#######.######
#.#.# #.# #.#.# #.#
#.#.# #.# ..#.# #.#
###.# #.#


You could see Ijyb, a water moccasin skeleton and a bullfrog skeleton.

Vanquished Creatures
  A hound (D:4)
  6 adders
  3 gnolls (D:3)
  3 dart slugs
  An orc (D:3)
  4 bats
  2 endoplasms
  4 giant cockroaches
  5 goblins
  13 hobgoblins
  2 jackals (D:3)
  7 kobolds
  5 quokkas
  9 ball pythons
  5 frilled lizards
  6 rats
76 creatures vanquished.

Notes
Turn   | Place    | Note
-------+----------+-------------------------------------------
     0 | D:1      | derath95 the Draconian Earth Elementalist began the quest
                  | for the Orb.
     0 | D:1      | Reached XP level 1. HP: 14/14 MP: 3/3
   437 | D:1      | Reached XP level 2. HP: 20/20 MP: 1/5
  1056 | D:2      | Reached XP level 3. HP: 25/26 MP: 7/7
  1326 | D:2      | Found a faded altar of an unknown god.
  1465 | D:2      | Reached skill level 4 in Earth Magic
  1465 | D:2      | Reached XP level 4. HP: 28/33 MP: 8/8
  2557 | D:3      | Reached XP level 5. HP: 38/38 MP: 10/10
  2825 | D:4      | Identified the +1 scale mail of Wasted Space {Dex+2}
  2893 | D:4      | Found a staircase to the Ecumenical Temple.
  2905 | Temple   | Entered the Ecumenical Temple
  3177 | Temple   | Became a worshipper of Vehumet
  3593 | D:5      | Entered Level 5 of the Dungeon
  3709 | D:5      | Noticed Ijyb
  3713 | D:5      | Killed from afar by Ijyb

Illustrated notes

Levels and vault maps discovered:
D:1:      tarquinn_simple_flora_water_a, layout_basic,
          amcnicky_mini_corridor_feature
D:2:      layout_basic, dreamdust_ecumenical_altar_statues
D:3:      layout_rooms
D:4:      layout_cave_pools, minmay_temple_entry_tees
D:5:      layout_loops_ring, gup_sewer_entry_spiral, uniq_ijyb
Temple:   mainiacjoe_temple_hex_bubbles

Skill      XL: |  1  2  3 |
---------------+----------+-----
Spellcasting   | 3 |  3.9
Earth Magic    | 4 |  4.8
Dodging        | |  1.8
Stealth        | |  1.8
Transmutations | |  1.1

Action                   |  1- 3 |  4- 6 || total
-------------------------+-------+-------++-------
Melee: Unarmed           |     5 |       ||     5
       Dagger            |    85 |    68 ||   153
       Tailslap          |     3 |     7 ||    10
       Punch             |     1 |       ||     1
 Cast: Sandblast         |    16 |    27 ||    43
  Use: Scroll            |       |     6 ||     6
 Stab: Sleeping          |     4 |       ||     4
Armor: Skin              |    36 |    18 ||    54
Dodge: Dodged            |    62 |    53 ||   115

Table legend: (Time is in decaauts)
 A = Elapsed time spent in this place.
 B = Non-inter-level travel time spent in this place.
 C = Inter-level travel time spent in this place.
 D = Time resting spent in this place.
 E = Time spent auto-exploring this place.
 F = Levels seen in this place.
 G = Mean time per level.
                   A        B        C        D        E       F      G
               +--------+--------+--------+--------+--------+-----+--------+
         Total |   3710 |   3500 |    210 |     21 |   2635 |   6 |  618.3 |
       Dungeon |   3412 |   3242 |    170 |     21 |   2402 |   5 |  682.4 |
        Temple |    298 |    258 |     40 |      0 |    233 |   1 |  298.0 |
               +--------+--------+--------+--------+--------+-----+--------+

Top non-repeatable levels by time:
     D:1: 963 daAuts
     D:2: 942 daAuts
     D:3: 786 daAuts
     D:4: 599 daAuts
  Temple: 298 daAuts
     D:5: 119 daAuts
